[ AOE2 MATCH · #493663381 ]
UnrankedMalay vs Dravidians
Player's team · WIN
[ REPLAY ANALYSIS · EXTRACTED FROM THE RECORDED GAME ]
Feudal
10:11
Castle
20:45
Imperial
34:51
| APM avg | 47.1 |
| APM peak | 94 |
| eAPM avg | 25.9 |
| Villagers / military | 149 / 80 |
Focus
⚔️ 43.1% · 🌾 56.9%
Karambit Warrior ×32 · Archer ×28 · Mangonel ×7 · Militia ×4 · Monk ×2 · Scorpion ×2
Feudal
9:18
Castle
23:23
Imperial
—
| APM avg | 77.4 |
| APM peak | 141 |
| eAPM avg | 42.9 |
| Villagers / military | 180 / 44 |
Focus
⚔️ 58.5% · 🌾 41.5%
Skirmisher ×24 · Mangonel ×8 · Archer ×5 · Elephant Archer ×4 · Militia ×3
Match map
Initial resources + every placement click. Lines = walls · curves = elevation contours. ◆ gold · ⬟ stone · ● berries · ✦ relic · ◌ wall gap
Your base· Open — opponent sealed themselves in
HaraKiri_aoe's base· ✓ Closed at 23:23 · 72t walls · no gate
Smoothed initial terrain · ◌ = detected wall gap · hover for details
Inputs per minute
— Nacho_C - - HaraKiri_aoe
Build order — Nacho_C
First 150 of 386 actions detected
| 0:00 | Create | Villager (Male) |
| 0:01 | Create | Villager (Male) |
| 0:01 | Build | House |
| 0:02 | Build | House |
| 0:04 | Create | Villager (Male) |
| 0:05 | Create | Villager (Male) |
| 1:23 | Create | Villager (Male) |
| 2:03 | Create | Villager (Male) |
| 2:03 | Create | Villager (Male) |
| 2:12 | Create | Villager (Male) |
| 2:29 | Build | Lumber Camp |
| 2:49 | Create | Villager (Male) |
| 2:49 | Create | Villager (Male) |
| 2:49 | Create | Villager (Male) |
| 3:12 | Create | Villager (Male) |
| 3:13 | Create | Villager (Male) |
| 3:15 | Create | Villager (Male) |
| 3:15 | Create | Villager (Male) |
| 3:43 | Create | Villager (Male) |
| 3:43 | Create | Villager (Male) |
| 3:52 | Build | House |
| 3:57 | Create | Villager (Male) |
| 3:58 | Create | Villager (Male) |
| 4:06 | Build | House |
| 4:41 | Create | Villager (Male) |
| 4:41 | Create | Villager (Male) |
| 5:27 | Create | Villager (Male) |
| 5:30 | Build | Barracks |
| 5:30 | Create | Villager (Male) |
| 5:32 | Create | Villager (Male) |
| 5:44 | Build | House |
| 5:56 | Build | Palisade Wall |
| 6:09 | Build | Palisade Wall |
| 6:22 | Create | Militia |
| 6:22 | Create | Militia |
| 6:24 | Create | Villager (Male) |
| 6:50 | Create | Villager (Male) |
| 7:08 | Create | Villager (Male) |
| 7:13 | Build | Mill |
| 7:30 | Research | Loom |
| 7:34 | Create | Villager (Male) |
| 7:34 | Research | Loom |
| 7:42 | Build | Farm |
| 7:46 | Build | House |
| 7:48 | Build | Palisade Wall |
| 8:36 | Build | Palisade Gate |
| 8:37 | Build | Palisade Wall |
| 8:53 | Research | Feudal Age |
| 8:53 | Research | Feudal Age |
| 8:59 | Build | Palisade Wall |
| 9:04 | Build | Mining Camp |
| 9:30 | Create | Militia |
| 9:40 | Build | House |
| 9:41 | Build | House |
| 9:51 | Create | Villager (Male) |
| 9:57 | Create | Militia |
| 10:00 | Build | Palisade Wall |
| 10:11 | Age | Feudal Age |
| 10:18 | Research | Man-at-Arms (upgrade) |
| 10:18 | Research | Man-at-Arms (upgrade) |
| 10:18 | Research | Man-at-Arms (upgrade) |
| 10:22 | Build | Palisade Wall |
| 10:34 | Create | Villager (Male) |
| 10:39 | Build | Archery Range |
| 10:42 | Create | Villager (Male) |
| 10:56 | Create | Villager (Male) |
| 11:05 | Build | Farm |
| 11:15 | Build | Palisade Wall |
| 11:20 | Create | Archer |
| 11:46 | Create | Archer |
| 12:10 | Create | Villager (Male) |
| 12:10 | Create | Villager (Male) |
| 12:11 | Build | Farm |
| 12:12 | Build | Farm |
| 12:13 | Create | Villager (Male) |
| 12:35 | Create | Archer |
| 12:45 | Create | Villager (Male) |
| 12:46 | Build | Farm |
| 12:47 | Create | Villager (Male) |
| 12:48 | Build | Farm |
| 12:50 | Build | Farm |
| 12:54 | Create | Spearman |
| 12:55 | Create | Villager (Male) |
| 13:08 | Create | Skirmisher |
| 13:12 | Create | Villager (Male) |
| 13:25 | Create | Villager (Male) |
| 13:31 | Create | Skirmisher |
| 13:33 | Create | Villager (Male) |
| 13:36 | Build | Farm |
| 13:40 | Create | Archer |
| 13:52 | Build | Lumber Camp |
| 14:10 | Create | Archer |
| 14:12 | Research | Double-Bit Axe |
| 14:29 | Build | House |
| 14:52 | Create | Villager (Male) |
| 14:55 | Build | Blacksmith |
| 15:09 | Create | Archer |
| 15:14 | Build | House |
| 15:22 | Build | Farm |
| 15:23 | Create | Villager (Male) |
| 15:25 | Build | Farm |
| 15:38 | Build | Farm |
| 15:39 | Create | Villager (Male) |
| 15:49 | Build | Farm |
| 15:49 | Create | Villager (Male) |
| 16:00 | Build | Farm |
| 16:02 | Create | Archer |
| 16:04 | Create | Villager (Male) |
| 16:22 | Create | Archer |
| 16:41 | Build | House |
| 16:43 | Build | House |
| 16:47 | Build | Farm |
| 16:49 | Create | Villager (Male) |
| 16:50 | Create | Archer |
| 17:00 | Build | Lumber Camp |
| 17:18 | Build | Farm |
| 17:30 | Create | Villager (Male) |
| 17:31 | Create | Archer |
| 17:45 | Build | Farm |
| 18:01 | Create | Villager (Male) |
| 18:09 | Build | Market |
| 18:10 | Build | House |
| 18:29 | Build | Watch Tower |
| 18:34 | Build | Watch Tower |
| 18:42 | Create | Villager (Male) |
| 18:43 | Create | Archer |
| 18:52 | Build | Farm |
| 19:09 | Research | Castle Age |
| 19:20 | Create | Archer |
| 19:21 | Research | Fletching |
| 19:22 | Research | Fletching |
| 19:24 | Build | Farm |
| 19:40 | Build | Archery Range |
| 19:43 | Create | Archer |
| 19:45 | Research | Padded Archer Armor |
| 19:45 | Research | Padded Archer Armor |
| 20:01 | Create | Villager (Male) |
| 20:11 | Build | House |
| 20:17 | Build | Farm |
| 20:28 | Build | Farm |
| 20:30 | Build | Farm |
| 20:45 | Age | Castle Age |
| 20:48 | Research | Crossbowman (upgrade) |
| 20:48 | Research | Crossbowman (upgrade) |
| 21:06 | Research | Bodkin Arrow |
| 21:07 | Research | Bodkin Arrow |
| 21:07 | Research | Bodkin Arrow |
| 21:10 | Build | Siege Workshop |
| 21:12 | Create | Villager (Male) |
| 21:12 | Create | Villager (Male) |
Build order — HaraKiri_aoe
First 150 of 402 actions detected
| 0:01 | Create | Villager (Male) |
| 0:01 | Create | Villager (Male) |
| 0:02 | Build | House |
| 0:03 | Build | House |
| 0:04 | Create | Villager (Male) |
| 0:06 | Create | Villager (Male) |
| 1:27 | Create | Villager (Male) |
| 1:41 | Create | Villager (Male) |
| 1:43 | Build | House |
| 1:48 | Build | Lumber Camp |
| 2:03 | Create | Villager (Male) |
| 2:52 | Create | Villager (Male) |
| 3:00 | Build | House |
| 3:21 | Create | Villager (Male) |
| 3:21 | Create | Villager (Male) |
| 3:29 | Create | Villager (Male) |
| 3:29 | Create | Villager (Male) |
| 3:44 | Create | Villager (Male) |
| 4:00 | Create | Villager (Male) |
| 4:00 | Create | Villager (Male) |
| 4:17 | Build | Mill |
| 4:19 | Build | Mill |
| 4:25 | Create | Villager (Male) |
| 4:51 | Create | Villager (Male) |
| 4:55 | Create | Villager (Male) |
| 5:15 | Create | Villager (Male) |
| 5:53 | Research | Loom |
| 6:13 | Build | Barracks |
| 6:17 | Create | Villager (Male) |
| 6:39 | Create | Villager (Male) |
| 6:55 | Build | House |
| 7:08 | Research | Feudal Age |
| 7:08 | Research | Feudal Age |
| 7:28 | Create | Militia |
| 7:41 | Build | Palisade Wall |
| 7:49 | Build | House |
| 7:52 | Build | Palisade Wall |
| 7:54 | Create | Villager (Male) |
| 7:58 | Create | Militia |
| 7:58 | Create | Militia |
| 8:17 | Build | Palisade Wall |
| 8:22 | Create | Villager (Male) |
| 8:33 | Build | Mining Camp |
| 8:39 | Create | Villager (Male) |
| 8:43 | Create | Villager (Male) |
| 9:02 | Create | Villager (Male) |
| 9:18 | Age | Feudal Age |
| 9:22 | Build | Archery Range |
| 9:24 | Build | House |
| 9:25 | Create | Villager (Male) |
| 9:28 | Build | Blacksmith |
| 9:41 | Create | Villager (Male) |
| 9:44 | Build | House |
| 9:51 | Build | Palisade Wall |
| 9:52 | Build | Palisade Wall |
| 9:53 | Build | Palisade Wall |
| 9:55 | Create | Villager (Male) |
| 10:12 | Build | House |
| 10:18 | Research | Double-Bit Axe |
| 10:20 | Create | Villager (Male) |
| 10:20 | Create | Villager (Male) |
| 10:31 | Create | Villager (Male) |
| 10:37 | Create | Villager (Male) |
| 10:43 | Build | Palisade Wall |
| 10:44 | Build | Palisade Wall |
| 10:53 | Build | Palisade Wall |
| 10:54 | Build | Palisade Wall |
| 10:58 | Create | Villager (Male) |
| 11:10 | Build | House |
| 11:14 | Create | Villager (Male) |
| 11:17 | Build | House |
| 11:18 | Create | Villager (Male) |
| 11:19 | Create | Villager (Male) |
| 11:19 | Create | Villager (Male) |
| 11:30 | Build | House |
| 11:31 | Create | Villager (Male) |
| 11:33 | Create | Villager (Male) |
| 11:33 | Create | Villager (Male) |
| 11:52 | Create | Archer |
| 11:52 | Create | Archer |
| 12:04 | Create | Villager (Male) |
| 12:04 | Create | Villager (Male) |
| 12:09 | Build | House |
| 12:10 | Build | House |
| 12:11 | Create | Villager (Male) |
| 12:11 | Create | Villager (Male) |
| 12:33 | Create | Skirmisher |
| 12:43 | Build | Farm |
| 12:47 | Build | Farm |
| 12:53 | Build | Palisade Wall |
| 12:55 | Create | Skirmisher |
| 12:55 | Create | Skirmisher |
| 13:17 | Create | Skirmisher |
| 13:22 | Create | Villager (Male) |
| 13:23 | Create | Villager (Male) |
| 13:25 | Create | Villager (Male) |
| 13:25 | Create | Villager (Male) |
| 13:25 | Create | Villager (Male) |
| 13:26 | Create | Villager (Male) |
| 13:41 | Create | Villager (Male) |
| 13:52 | Build | House |
| 13:53 | Build | Palisade Wall |
| 14:11 | Research | Fletching |
| 14:12 | Create | Villager (Male) |
| 14:14 | Build | Farm |
| 14:14 | Create | Villager (Male) |
| 14:15 | Build | Farm |
| 14:16 | Create | Villager (Male) |
| 14:17 | Build | Farm |
| 14:19 | Create | Skirmisher |
| 14:19 | Create | Skirmisher |
| 14:19 | Create | Skirmisher |
| 14:28 | Build | Palisade Wall |
| 14:29 | Build | House |
| 14:30 | Create | Villager (Male) |
| 14:36 | Build | Farm |
| 14:38 | Build | Farm |
| 14:40 | Build | Farm |
| 14:46 | Build | Farm |
| 15:02 | Create | Villager (Male) |
| 15:07 | Create | Skirmisher |
| 15:07 | Create | Skirmisher |
| 15:13 | Build | House |
| 15:25 | Create | Archer |
| 15:27 | Create | Villager (Male) |
| 15:29 | Research | Padded Archer Armor |
| 15:29 | Research | Padded Archer Armor |
| 15:34 | Build | Farm |
| 15:36 | Build | Farm |
| 15:37 | Research | Horse Collar |
| 15:37 | Research | Horse Collar |
| 15:40 | Create | Skirmisher |
| 15:41 | Create | Skirmisher |
| 16:00 | Build | Farm |
| 16:03 | Create | Villager (Male) |
| 16:13 | Create | Villager (Male) |
| 16:22 | Build | House |
| 16:34 | Create | Villager (Male) |
| 16:34 | Create | Villager (Male) |
| 16:36 | Build | Palisade Wall |
| 16:37 | Create | Villager (Male) |
| 16:37 | Create | Villager (Male) |
| 16:39 | Build | Farm |
| 16:48 | Create | Skirmisher |
| 16:48 | Create | Skirmisher |
| 16:53 | Build | Farm |
| 17:01 | Create | Villager (Male) |
| 17:05 | Create | Villager (Male) |
| 17:13 | Create | Villager (Male) |
| 17:17 | Build | Mining Camp |
Match timeline
| 5:30 | Nacho_C · first_building Barracks |
| 5:56 | Nacho_C · wall_segment Palisade Wall x11 |
| 6:09 | Nacho_C · wall_segment Palisade Wall x1 |
| 6:13 | HaraKiri_aoe · first_building Barracks |
| 7:41 | HaraKiri_aoe · wall_segment Palisade Wall x10 |
| 7:48 | Nacho_C · wall_segment Palisade Wall x3 |
| 7:52 | HaraKiri_aoe · wall_segment Palisade Wall x14 |
| 8:17 | HaraKiri_aoe · wall_segment Palisade Wall x1 |
| 8:37 | Nacho_C · wall_segment Palisade Wall x2 |
| 8:59 | Nacho_C · wall_segment Palisade Wall x2 |
| 9:18 | HaraKiri_aoe · age_up feudal |
| 9:22 | HaraKiri_aoe · first_building Archery Range |
| 9:51 | HaraKiri_aoe · wall_segment Palisade Wall x10 |
| 9:52 | HaraKiri_aoe · wall_segment Palisade Wall x2 |
| 9:53 | HaraKiri_aoe · wall_segment Palisade Wall x1 |
| 10:00 | Nacho_C · wall_segment Palisade Wall x6 |
| 10:11 | Nacho_C · age_up feudal |
| 10:22 | Nacho_C · wall_segment Palisade Wall x4 |
| 10:39 | Nacho_C · first_building Archery Range |
| 10:43 | HaraKiri_aoe · wall_segment Palisade Wall x1 |
| 10:44 | HaraKiri_aoe · wall_segment Palisade Wall x1 |
| 10:53 | HaraKiri_aoe · wall_segment Palisade Wall x1 |
| 10:54 | HaraKiri_aoe · wall_segment Palisade Wall x1 |
| 11:15 | Nacho_C · wall_segment Palisade Wall x1 |
| 12:53 | HaraKiri_aoe · wall_segment Palisade Wall x9 |
| 13:53 | HaraKiri_aoe · wall_segment Palisade Wall x8 |
| 14:28 | HaraKiri_aoe · wall_segment Palisade Wall x10 |
| 16:36 | HaraKiri_aoe · wall_segment Palisade Wall x1 |
| 19:38 | HaraKiri_aoe · wall_segment Stone Wall x3 |
| 19:39 | HaraKiri_aoe · wall_segment Stone Wall x2 |
| 20:45 | Nacho_C · age_up castle |
| 20:53 | HaraKiri_aoe · wall_segment Palisade Wall x1 |
| 21:10 | Nacho_C · first_building Siege Workshop |
| 21:27 | HaraKiri_aoe · wall_segment Stone Wall x1 |
| 23:23 | HaraKiri_aoe · age_up castle |
| 23:26 | HaraKiri_aoe · first_building Siege Workshop |
| 25:18 | Nacho_C · first_market_buy 100 wood |
| 25:19 | Nacho_C · first_market_sell 100 food |
| 25:41 | HaraKiri_aoe · first_market_sell 100 stone |
| 25:49 | HaraKiri_aoe · first_market_buy 100 wood |
| 30:35 | Nacho_C · first_building Monastery |
| 32:35 | Nacho_C · first_building Castle |
| 34:51 | Nacho_C · age_up imperial |
| 35:03 | HaraKiri_aoe · first_building Castle |
| 37:55 | HaraKiri_aoe · resign |
[ AI ANALYSIS · 1 CREDIT ]
What really happened in this match?
Wolo.gg analyzes every decision: build order, eco, micro, common mistakes by bracket. Personalized analysis on WhatsApp or Discord in 30 seconds.
Civ guide
Malay
Perfil
Nacho_10 (Nacho_C)